Map: Rorschach LE

Players

weisswinds - Winner!

  • Race: Zerg Zerg
  • League: Platinum
  • Spawn Location: 7:00

ToughhShadow

  • Race: Protoss Protoss
  • League: Gold
  • Spawn Location: 5:00

VOD

Have the link to the VOD?

Description

Time

  • Played on: July 15, 2026, 7:51 p.m.
  • Length: 6:32
Show
View Real Time Build Order
Export as new Build Order

weisswinds Zerg - Winner!

Build Orders: Hatch First 

Get SALT Encoding   

  8  0:01  Drone  
  9  0:11  Drone  
  10  0:17  Drone  
  11  0:27  Overlord  
  11  0:33  Drone  
  12  0:46  Drone x2  
  14  1:12  Hatchery  
  13  1:20  Drone x2  
  15  1:30  Drone  
  16  1:41  Spawning Pool  
  15  1:47  Drone  
  15  1:48  Drone  
  15  1:51  Extractor  
  16  2:02  Drone  
  17  2:29  Queen  
  19  2:33  Hatchery  
  19  2:41  Spine Crawler  
  18  2:46  Spine Crawler  
  18  2:48  Spine Crawler  
  16  2:53  Queen  
  16  2:55  Drone  
  19  3:00  Drone  
  20  3:13  Drone x2  
  22  3:22  Drone  
  22  3:25  Overlord  
  23  3:35  Roach Warren  
  23  3:38  Drone  
  23  3:39  Drone  
  24  3:53  Drone  
  24  3:55  Overlord  
  25  4:06  Extractor  
  24  4:12  Drone x3  
  24  4:13  Drone  
  24  4:14  Drone  
  29  4:22  Overlord  
  29  4:27  Roach x4  
  37  4:41  Drone x5  
  42  4:47  Ravager x4  
  42  4:52  Extractor  
  45  5:04  Roach  
  47  5:20  Overlord x2  
  47  5:38  Roach x6  
  59  5:46  Extractor  
  59  5:47  Drone x3  
  61  5:57  Hatchery  
Show
View Real Time Build Order
Export as new Build Order

ToughhShadow Protoss 

Build Orders:  

Get SALT Encoding   

  8  0:01  Probe  
  9  0:27  Pylon  
  9  0:31  Probe  
  10  0:43  Probe  
  11  0:55  Forge  
  11  1:30  Pylon  
  11  2:01  Pylon  
  11  2:21  Gateway  
  11  2:25  Photon Cannon  
  11  2:26  Photon Cannon  
  11  2:27  Photon Cannon  
  11  2:33  Pylon  
  11  3:01  Photon Cannon  
  11  3:02  Photon Cannon  
  11  3:18  Assimilator  
  11  3:20  Assimilator  
  11  3:24  Probe  
  12  3:40  Cybernetics Core  
  12  4:58  Stalker (Chrono Boost)  
  14  5:16  Shield Battery  
  14  5:17  Shield Battery  
  14  5:19  Shield Battery  
  14  5:22  Shield Battery x2  
  14  5:48  Photon Cannon  
  14  5:49  Photon Cannon  
Tags
 
Add a new tag
Caveats
  • Supply blocks, unpowered buildings, or Contaminate may cause inaccurate times.
  • Supply counts are checked every 10 seconds.